 Dungeon Crawl Stone Soup version 0.25-a0-707-g603da076d2 (webtiles) character file.

Game seed: 10891085167221603260, levelgen mode: deterministic

65 kae the Ruffian (level 3, -1/28 HPs)
             Began as a Draconian Transmuter on Apr 4, 2020.
             Slain by Natasha (8 damage)
             ... on level 2 of the Dungeon.
             The game lasted 00:01:05 (1561 turns).

kae the Ruffian (Draconian Transmuter)              Turns: 1561, Time: 00:01:05

Health: -1/28      AC:  2    Str: 12    XL:     3   Next: 94%
Magic:  3/6        EV: 19    Int: 14    God:
Gold:   31         SH:  0    Dex: 16    Spells: 1/7 levels left

rFire    . . .     SeeInvis .     - Unarmed
rCold    . . .     Gourm    .   (shield currently unavailable)
rNeg     . . .     Faith    .   (armour unavailable)
rPois    x         Spirit   .   (helmet currently unavailable)
rElec    .         Reflect  .   (cloak currently unavailable)
rCorr    .         Harm     .   (gloves currently unavailable)
MR       .....                  (boots currently unavailable)
Stlth    +.........             (no amulet)
HPRegen  0.09/turn              (no ring)
MPRegen  0.10/turn              (no ring)

@: spider-form (expiring)
A: tiny, unfitting armour, AC +5
a: End Transformation


You were on level 2 of the Dungeon.
You were hungry.
You were a venomous arachnid creature.
You visited 1 branch of the dungeon, and saw 2 of its levels.

You collected 31 gold pieces.

Inventory:

Missiles
 a - 46 arrows
Jewellery
 d - an uncursed ring of see invisible
Scrolls
 b - 4 scrolls of remove curse {unknown}
 f - a scroll of identify {unknown}
Comestibles
 c - 4 rations


   Skills:
 - Level 1.1 Fighting
 - Level 1.7 Dodging
 * Level 4.0 Unarmed Combat
 + Level 2.6 Spellcasting
 + Level 2.6 Transmutations


You had one spell level left.
You knew the following spells:

 Your Spells              Type           Power        Failure   Level  Hunger
a - Beastly Appendage     Tmut           #.....       21%         1    #......
b - Sticks to Snakes      Tmut           #.......     26%         2    ###....
c - Spider Form           Tmut/Pois      #.........   58%         3    ###....

Your spell library contained the following spells:

 Spells                   Type           Power        Failure   Level  Hunger
 Ice Form                 Ice/Tmut       #.......     91%         4    #####..
 Blade Hands              Tmut           #.........   97%         5    ######.


Dungeon Overview and Level Annotations

Branches:
Dungeon (2/15)

Altars:
Ashenzari
Trog

Annotations:
D:2 Natasha


Innate Abilities, Weirdness & Mutations

((Your plain brown scales are hard. (AC +5)))
You cannot fit into any form of body armour.
((You are cold-blooded and may be slowed by cold attacks.))


Message History

You hit Natasha. Your punch misses Natasha.
Natasha is moderately wounded.
Natasha claws you.
You closely miss Natasha.
Natasha is moderately wounded.
Natasha extends her claws.
Natasha claws you.
Casting: Beastly Appendage (safe; 8% risk of failure)
Confirm with . or Enter, or press ? or * to list all spells.
Your horns disappear.
You turn into a venomous arachnid creature.
Your transformation is almost over.
Natasha claws you.
Natasha stares at you and mumbles some strange words.
The magic dart hits you!
* * * LOW HITPOINT WARNING * * *
You hit Natasha.
Natasha is poisoned.
Natasha is heavily wounded.
Natasha claws you!
You die...

..# ##..##. #..##..##..
#.#.#.#.. ##....##..#
#...#.#.## ###
.##..##..#####........
...
....##..##.....#..##.##.#
#..##..###.#...#........#
##....# .......#.##.....
.##..## #..†......# .#
....## #....sh...##.#
#..## #.......#.##.# ####
#.......#.##.#
#.....###.##.# #.....#
#.##.####### #.....#
#.##........ ########
#.....# #...........
.......# #######
####........ .......#
##########........


You could see Natasha.

Vanquished Creatures
  Natasha (D:2)
  2 oozes (D:1)
  3 bats
  2 giant cockroaches (D:2)
  2 goblins (D:2)
  6 hobgoblins
  3 jackals
  6 kobolds
  2 frilled lizards
  2 rats
29 creatures vanquished.

Notes
Turn   | Place    | Note
-------+----------+-------------------------------------------
     0 | D:1      | kae the Draconian Transmuter began the quest for the Orb.
     0 | D:1      | Reached XP level 1. HP: 16/16 MP: 3/3
   128 | D:1      | Reached XP level 2. HP: 12/23 MP: 3/5
   501 | D:1      | You fall into a shaft and drop 1 floor!
   739 | D:2      | Reached XP level 3. HP: 5/28 MP: 4/6
   743 | D:2      | Learned a level 2 spell: Sticks to Snakes
   747 | D:2      | Learned a level 3 spell: Spider Form
  1160 | D:2      | Found a bloodstained altar of Trog.
  1171 | D:2      | Found a shattered altar of Ashenzari.
  1191 | D:2      | Noticed Natasha
  1199 | D:2      | HP: 1/28 [Natasha (7)]
  1203 | D:2      | Killed Natasha
  1203 | D:2      | Reached skill level 4 in Unarmed Combat
  1550 | D:2      | Noticed Natasha
  1561 | D:2      | Slain by Natasha

Levels and vault maps discovered:
D:1:      mrwooster_arrival_statue, layout_basic
D:2:      minmay_alternating_diamond, layout_basic, bloody_trog, first_ration,
          nicolae_ashenzari_panopticon, uniq_natasha, uniq_robin

Skill      XL: |  1  2  3 |
---------------+----------+-----
Unarmed Combat | 4 |  4.0
Fighting       | |  1.1
Dodging        | |  1.7
Spellcasting   | |  2.6
Transmutations | |  2.6

Action                   || total
-------------------------++-------
Melee: Unarmed           ||    93
       Tailslap          ||     7
       Headbutt          ||     3
       Punch             ||     3
       Kick              ||     3
 Cast: Beastly Appendage ||    17
       Spider Form       ||     1
       Sticks to Snakes  ||     1
  Use: Potion            ||     1
  Eat: Chunk             ||     2
Armor: Skin              ||    37
Dodge: Dodged            ||    63

Table legend:
 A = Non-vault XP
 B = Vault XP
 C = Vault XP percentage of total XP
 D = Non-vault monster count
 E = Vault monster count
 F = Vault count percentage of total count
                 A         B        C        D         E       F
            +---------+---------+-------+---------+---------+-------
      Total |      52 |      42 |  44.7 |      25 |       4 |  13.8
            +---------+---------+-------+---------+---------+-------
        D:1 |      31 |       0 |   0.0 |      13 |       0 |   0.0
        D:2 |      21 |      42 |  66.7 |      12 |       4 |  25.0
            +---------+---------+-------+---------+---------+-------
